TOP OF THE 1ST |
Reading Rainbows batting - Pitching for Wilmington Rebels : LHP Matt Fritz
|
Pitching: LHP Matt Fritz
|
|
Batting: LHB Miguel Colón
|
0-0: Foul Ball, location: 2F 0-1: Ground out 4-3 (Groundball, 4)
|
Batting: RHB Donald Sanford
|
0-0: Ball 1-0: Foul Ball, location: 2F 1-1: Ball 2-1: Ball 3-1: DOUBLE (Groundball, 3L)
|
Batting: RHB Dan Banks
|
0-0: Swinging Strike Passed Ball! Donald Sanford to third 0-1: Foul Ball, location: 2F 0-2: Ball 1-2: Ball 2-2: Ball 3-2: Ground out 4-3 (Groundball, 4) Donald Sanford scores
|
Batting: RHB Germano Labrego
|
0-0: Ball 1-0: Ball 2-0: Called Strike 2-1: Ball 3-1: Ground out 6-3 (Groundball, 6)
|
Top of the 1st over - 1 run(s), 1 hit(s), 0 error(s), 0 left on base; Reading 1 - Wilmington 0 |
BOTTOM OF THE 1ST |
Wilmington Rebels batting - Pitching for Reading Rainbows : RHP Nathan Seymour
|
Pitching: RHP Nathan Seymour
|
|
Batting: RHB Jesús Cabrera
|
0-0: Ball 1-0: Called Strike 1-1: Ball 2-1: Foul Ball, location: 2F 2-2: Fly out, F7 (Flyball, 7S)
|
Batting: RHB Jeff Jones
|
0-0: Ball 1-0: Fly out, F3 (Popup, 34S)
|
Batting: RHB Enrico Bonizo
|
0-0: Called Strike 0-1: Ball 1-1: Called Strike 1-2: Ball 2-2: Ball Single, Error in OF, E8, batter to second base
|
Batting: RHB Vicente Valentín
|
0-0: Called Strike 0-1: Foul Ball, location: 2F 0-2: Ball 1-2: Foul Ball, location: 2F 1-2: Strikes out swinging
|
Bottom of the 1st over - 0 run(s), 1 hit(s), 1 error(s), 1 left on base; Reading 1 - Wilmington 0 |
TOP OF THE 2ND |
Reading Rainbows batting - Pitching for Wilmington Rebels : LHP Matt Fritz
|
Batting: RHB Albert Lutz
|
0-0: Ball 1-0: SINGLE (Groundball, 4M)
|
Batting: LHB Shane Lynch
|
0-0: Ball 1-0: Fly out, F5 (Popup, 5SF)
|
Batting: RHB Ron King
|
0-0: Ball 1-0: Foul Ball, location: 2F 1-1: Foul Ball, location: 2F 1-2: Ground out 5-3 (Groundball, 56) Albert Lutz to second
|
Batting: LHB Alfonso Ruíz
|
0-0: Ball 1-0: Ball 2-0: Ball 3-0: Called Strike 3-1: Foul Ball, location: 2F 3-2: Strikes out swinging
|
Top of the 2nd over - 0 run(s), 1 hit(s), 0 error(s), 1 left on base; Reading 1 - Wilmington 0 |
BOTTOM OF THE 2ND |
Wilmington Rebels batting - Pitching for Reading Rainbows : RHP Nathan Seymour
|
Batting: RHB Al Reese
|
0-0: Ball 1-0: Called Strike 1-1: Ground out 5-3 (Groundball, 5S)
|
Batting: LHB David Cháves
|
0-0: Called Strike 0-1: Foul Ball, location: 2F 0-2: Ball 1-2: Strikes out swinging
|
Batting: RHB Francisco Tańón
|
0-0: Ball 1-0: SINGLE (Groundball, 56D)
|
Batting: LHB Chandler Hubbard
|
0-0: Swinging Strike 0-1: Ball 1-1: Called Strike 1-2: DOUBLE (Line Drive, 3L) Francisco Tańón to third Runner from 3rd tries for Home, throw and OUT!
|
Bottom of the 2nd over - 0 run(s), 2 hit(s), 0 error(s), 1 left on base; Reading 1 - Wilmington 0 |
TOP OF THE 3RD |
Reading Rainbows batting - Pitching for Wilmington Rebels : LHP Matt Fritz
|
Batting: RHB Louis Smith
|
0-0: Called Strike 0-1: Ball 1-1: Ball 2-1: Ball 3-1: Base on Balls
|
Batting: LHB Miguel Colón
|
0-0: Ball 1-0: Fly out, F7 (Flyball, 8LS)
|
Batting: RHB Donald Sanford
|
0-0: Ball 1-0: Ball 2-0: Ball 3-0: Base on Balls Louis Smith to second
|
Batting: RHB Dan Banks
|
0-0: Ball 1-0: Foul Ball, location: 2F 1-1: Ball 2-1: Ball 3-1: Called Strike 3-2: Base on Balls Louis Smith to third Donald Sanford to second
|
Batting: RHB Germano Labrego
|
0-0: Fly out, F8 (Line Drive, 8LXD) Runner from 3rd tags up, SCORES, no throw Donald Sanford to third
|
Batting: RHB Albert Lutz
|
0-0: Ball 1-0: Ball 2-0: Ball 3-0: Called Strike 3-1: Base on Balls Dan Banks to second
|
Batting: LHB Shane Lynch
|
0-0: Ball 1-0: Ball 2-0: Called Strike 2-1: Fly out, F2 (Popup, 2RF)
|
Top of the 3rd over - 1 run(s), 0 hit(s), 0 error(s), 3 left on base; Reading 2 - Wilmington 0 |
BOTTOM OF THE 3RD |
Wilmington Rebels batting - Pitching for Reading Rainbows : RHP Nathan Seymour
|
Batting: RHB Bob Lazzeri
|
0-0: Ball 1-0: Called Strike 1-1: Ball 2-1: Foul Ball, location: 2F 2-2: Strikes out looking
|
Batting: RHB Jesús Cabrera
|
0-0: Ball 1-0: Ball 2-0: Fly out, F8 (Flyball, 8RM)
|
Batting: RHB Jeff Jones
|
0-0: Called Strike 0-1: Called Strike 0-2: Foul Ball, location: 2F 0-2: SOLO HOME RUN (Flyball, 7D), Distance : 373 ft
|
Batting: RHB Enrico Bonizo
|
0-0: Ball 1-0: Called Strike 1-1: Foul Ball, location: 2F 1-2: Ground out 5-3 (Groundball, 5)
|
Bottom of the 3rd over - 1 run(s), 1 hit(s), 0 error(s), 0 left on base; Reading 2 - Wilmington 1 |
TOP OF THE 4TH |
Reading Rainbows batting - Pitching for Wilmington Rebels : LHP Matt Fritz
|
Batting: RHB Ron King
|
0-0: Called Strike 0-1: Ground out 4-3 (Groundball, 4)
|
Batting: LHB Alfonso Ruíz
|
0-0: Ball 1-0: SINGLE (Groundball, 4M)
|
Batting: RHB Louis Smith
|
0-0: Called Strike Alfonso Ruíz is caught stealing 2nd base 0-1: Ball 1-1: Foul Ball, location: 2F 1-2: Ground out 5-3 (Groundball, 5S)
|
Top of the 4th over - 0 run(s), 1 hit(s), 0 error(s), 0 left on base; Reading 2 - Wilmington 1 |
BOTTOM OF THE 4TH |
Wilmington Rebels batting - Pitching for Reading Rainbows : RHP Nathan Seymour
|
Batting: RHB Vicente Valentín
|
0-0: Ball 1-0: Ball 2-0: Called Strike 2-1: Fly out, F9 (Flyball, 89S)
|
Batting: RHB Al Reese
|
0-0: Called Strike 0-1: Ball 1-1: Ball 2-1: Ball 3-1: Base on Balls
|
Batting: LHB David Cháves
|
0-0: Ball 1-0: Called Strike 1-1: SINGLE (Groundball, 4MD) Al Reese to second Runner from 2nd tries for 3rd, SAFE, no throw or cutoff
|
Batting: RHB Francisco Tańón
|
0-0: Called Strike 0-1: Ball 1-1: Swinging Strike 1-2: Ball 2-2: Foul Ball, location: 2F 2-2: Fly out, F9 (Popup, 89S)
|
Batting: LHB Chandler Hubbard
|
0-0: Ball 1-0: Foul Ball, location: 2F 1-1: Ball 2-1: Ball 3-1: Fly out, F9 (Flyball, 9M)
|
Bottom of the 4th over - 0 run(s), 1 hit(s), 0 error(s), 2 left on base; Reading 2 - Wilmington 1 |
TOP OF THE 5TH |
Reading Rainbows batting - Pitching for Wilmington Rebels : LHP Matt Fritz
|
Batting: LHB Miguel Colón
|
0-0: Foul Ball, location: 2F 0-1: Ball 1-1: Swinging Strike 1-2: Foul Ball, location: 2F 1-2: Foul Ball, location: 2F 1-2: Ball 2-2: Ball 3-2: Fly out, F9 (Flyball, 89S)
|
Batting: RHB Donald Sanford
|
0-0: Foul Ball, location: 2F 0-1: Ball 1-1: Ball 2-1: Ball 3-1: Ground out 5-3 (Groundball, 5L)
|
Batting: RHB Dan Banks
|
0-0: Ball 1-0: Ball 2-0: SINGLE (Line Drive, 4)
|
Batting: RHB Germano Labrego
|
0-0: Ground out 1-3 (Groundball, 15)
|
Top of the 5th over - 0 run(s), 1 hit(s), 0 error(s), 1 left on base; Reading 2 - Wilmington 1 |
BOTTOM OF THE 5TH |
Wilmington Rebels batting - Pitching for Reading Rainbows : RHP Nathan Seymour
|
Batting: RHB Bob Lazzeri
|
0-0: Ball 1-0: Called Strike 1-1: Ground out 4-3 (Groundball, 4M)
|
Batting: RHB Jesús Cabrera
|
0-0: Ball 1-0: Fly out, F9 (Flyball, 89D)
|
Batting: RHB Jeff Jones
|
0-0: Ball 1-0: Ball 2-0: Ball 3-0: Called Strike 3-1: DOUBLE (Line Drive, 78D)
|
Batting: RHB Enrico Bonizo
|
0-0: Foul Ball, location: 2F 0-1: Called Strike 0-2: Ball 1-2: Ball 2-2: Foul Ball, location: 2F 2-2: Foul Ball, location: 2F 2-2: Ball 3-2: Base on Balls
|
Batting: RHB Vicente Valentín
|
0-0: Called Strike 0-1: Ball 1-1: Called Strike 1-2: Foul Ball, location: 2F 1-2: Ball 2-2: Fly out, F7 (Flyball, 7D)
|
Bottom of the 5th over - 0 run(s), 1 hit(s), 0 error(s), 2 left on base; Reading 2 - Wilmington 1 |
TOP OF THE 6TH |
Reading Rainbows batting - Pitching for Wilmington Rebels : LHP Matt Fritz
|
Batting: RHB Albert Lutz
|
0-0: Called Strike 0-1: Ball 1-1: SOLO HOME RUN (Flyball, 7D), Distance : 367 ft
|
Batting: LHB Shane Lynch
|
0-0: Called Strike 0-1: SINGLE (Groundball, 2R) (infield hit)
|
Batting: RHB Ron King
|
0-0: Ball Pickoff Throw to First - Out! 1-0: Foul Ball, location: 2F 1-1: Foul Ball, location: 2F 1-2: Ball 2-2: Strikes out looking
|
Batting: LHB Alfonso Ruíz
|
0-0: SINGLE (Groundball, 6MD)
|
Pitching: LHP Corey Moore
|
|
Batting: RHB Louis Smith
|
0-0: Ball 1-0: Fly out, F5 (Line Drive, 56S)
|
Top of the 6th over - 1 run(s), 3 hit(s), 0 error(s), 1 left on base; Reading 3 - Wilmington 1 |
BOTTOM OF THE 6TH |
Wilmington Rebels batting - Pitching for Reading Rainbows : RHP Nathan Seymour
|
Batting: RHB Al Reese
|
0-0: Ball 1-0: Foul Ball, location: 2F 1-1: Ball 2-1: Foul Ball, location: 2F 2-2: Strikes out looking
|
Pitching: LHP Beau Montgomery
|
|
Batting: LHB David Cháves
|
0-0: Ground out 4-3 (Groundball, 4M)
|
Batting: RHB Francisco Tańón
|
0-0: Ball 1-0: Foul Ball, location: 2F 1-1: Swinging Strike 1-2: Ground out 5-3 (Groundball, 5S)
|
Bottom of the 6th over - 0 run(s), 0 hit(s), 0 error(s), 0 left on base; Reading 3 - Wilmington 1 |
TOP OF THE 7TH |
Reading Rainbows batting - Pitching for Wilmington Rebels : LHP Corey Moore
|
Batting: LHB Miguel Colón
|
0-0: Ball 1-0: Foul Ball, location: 2F 1-1: Ball 2-1: Foul Ball, location: 2F 2-2: Foul Ball, location: 2F 2-2: Foul Ball, location: 2F 2-2: Foul Ball, location: 2F 2-2: SINGLE (Groundball, 6MD)
|
Batting: RHB Donald Sanford
|
0-0: Called Strike 0-1: Sac Bunt - play at first, batter OUT! 1-3 Miguel Colón to second
|
Batting: RHB Dan Banks
|
0-0: Called Strike 0-1: Ball 1-1: Ball 2-1: Foul Ball, location: 2F 2-2: SINGLE (Flyball, 89S) Miguel Colón to third Runner from 3rd tries for Home, SAFE, no throw or cutoff
|
Batting: RHB Germano Labrego
|
0-0: Grounds into double play, 6-4-3 (Groundball, 6)
|
Top of the 7th over - 1 run(s), 2 hit(s), 0 error(s), 0 left on base; Reading 4 - Wilmington 1 |
BOTTOM OF THE 7TH |
Wilmington Rebels batting - Pitching for Reading Rainbows : LHP Beau Montgomery
|
Batting: LHB Chandler Hubbard
|
0-0: Foul Ball, location: 2F 0-1: Ball 1-1: Ball 2-1: SINGLE (Groundball, 4MD)
|
Batting: RHB Bob Lazzeri
|
0-0: Called Strike 0-1: Called Strike 0-2: Ball 1-2: Fly out, F3 (Popup, 3DF)
|
Batting: RHB Jesús Cabrera
|
0-0: Called Strike 0-1: Reached on error, E5 (Groundball, 5) Chandler Hubbard to second
|
Batting: RHB Jeff Jones
|
0-0: Ball 1-0: Called Strike 1-1: Grounds into double play, 6-4-3 (Groundball, 6)
|
Bottom of the 7th over - 0 run(s), 1 hit(s), 1 error(s), 1 left on base; Reading 4 - Wilmington 1 |
TOP OF THE 8TH |
Reading Rainbows batting - Pitching for Wilmington Rebels : LHP Corey Moore
|
Batting: RHB Albert Lutz
|
0-0: Foul Ball, location: 2F 0-1: Ball 1-1: Swinging Strike 1-2: Hit by Pitch
|
Batting: LHB Shane Lynch
|
0-0: Bunt missed! 0-1: Sac Bunt - play at first, batter OUT! 3-4 Albert Lutz to second
|
Batting: RHB Ron King
|
0-0: Intentional Walk
|
Batting: LHB Alfonso Ruíz
|
0-0: Ball 1-0: Called Strike Albert Lutz is caught stealing 3rd base Ron King to second 1-1: Called Strike 1-2: Foul Ball, location: 2F 1-2: Ball 2-2: Fly out, F2 (Popup, 2LF)
|
Top of the 8th over - 0 run(s), 0 hit(s), 0 error(s), 1 left on base; Reading 4 - Wilmington 1 |
BOTTOM OF THE 8TH |
Wilmington Rebels batting - Pitching for Reading Rainbows : LHP Beau Montgomery
|
Batting: RHB Enrico Bonizo
|
0-0: Ball 1-0: Reached on error, E5 (Groundball, 5L)
|
Pitching: RHP Luis Silva
|
|
Batting: RHB Vicente Valentín
|
0-0: Ball 1-0: SINGLE (Groundball, 56D) Enrico Bonizo to second
|
Batting: RHB Al Reese
|
0-0: Ground out 5-3 (Groundball, 5S) Enrico Bonizo to third Vicente Valentín to second
|
Batting: LHB David Cháves
|
0-0: Ball 1-0: Ball 2-0: Ball 3-0: Base on Balls
|
Pinch Hitting: LHB Tim Bruce
|
0-0: Fly out, F7 (Flyball, 78D) Runner from 3rd tags up, SCORES, no throw
|
Batting: LHB Chandler Hubbard
|
0-0: Called Strike 0-1: Swinging Strike 0-2: Ball 1-2: Foul Ball, location: 2F 1-2: Fielders Choice at 2nd, U4 (Groundball, 4M)
|
Bottom of the 8th over - 1 run(s), 1 hit(s), 1 error(s), 2 left on base; Reading 4 - Wilmington 2 |
TOP OF THE 9TH |
Reading Rainbows batting - Pitching for Wilmington Rebels : LHP Corey Moore
|
Now in RF: Ramón Benítez
|
|
Batting: RHB Louis Smith
|
0-0: Foul Ball, location: 2F 0-1: Ball 1-1: Ball 2-1: Foul Ball, location: 2F 2-2: DOUBLE (Flyball, 78D)
|
Batting: LHB Miguel Colón
|
0-0: Ball 1-0: Foul Ball, location: 2F 1-1: Called Strike 1-2: SINGLE (Groundball, 3D) Louis Smith to third
|
Pitching: RHP Porter Warren
|
|
Pinch Hitting: RHB Von Ford
|
0-0: Ball 1-0: Foul Ball, location: 2F 1-1: Ball 2-1: Foul Ball, location: 2F 2-2: Foul Ball, location: 2F 2-2: Strikes out swinging
|
Batting: RHB Dan Banks
|
0-0: Ball 1-0: Ball 2-0: Called Strike Miguel Colón steals 2nd base 2-1: Foul Ball, location: 2F 2-2: SINGLE (Line Drive, 7S) Louis Smith scores Miguel Colón to third Runner from 3rd tries for Home, SAFE, no throw or cutoff
|
Batting: RHB Germano Labrego
|
0-0: Called Strike 0-1: Called Strike 0-2: Ball 1-2: Strikes out swinging
|
Batting: RHB Albert Lutz
|
0-0: Ball 1-0: Foul Ball, location: 2F 1-1: DOUBLE (Line Drive, 7D) Dan Banks to third
|
Batting: LHB Shane Lynch
|
0-0: Called Strike 0-1: Swinging Strike 0-2: Strikes out swinging
|
Top of the 9th over - 2 run(s), 4 hit(s), 0 error(s), 2 left on base; Reading 6 - Wilmington 2 |
BOTTOM OF THE 9TH |
Wilmington Rebels batting - Pitching for Reading Rainbows : RHP Luis Silva
|
Now at SS: Kyle Hollingsworth
|
|
Batting: RHB Bob Lazzeri
|
0-0: Ball 1-0: Ground out 5-3 (Groundball, 56)
|
Batting: RHB Jesús Cabrera
|
0-0: Ball 1-0: Foul Ball, location: 2F 1-1: Foul Ball, location: 2F 1-2: Ground out 6-3 (Groundball, 6)
|
Batting: RHB Jeff Jones
|
0-0: Called Strike 0-1: Called Strike 0-2: Strikes out swinging
|
Bottom of the 9th over - 0 run(s), 0 hit(s), 0 error(s), 0 left on base; Reading 6 - Wilmington 2 |
|